 Dungeon Crawl Stone Soup version 0.28.0-49-g6dfe1f597d (webtiles) character file.

Game seed: 4400853415646444050

159 Peloso the Covered (level 5, 0/47 HPs)
             Began as a Minotaur Fighter on May 18, 2022.
             Slain by a kobold brigand
             ... wielding a +0 dagger
              (3 damage)
             ... on level 6 of the Dungeon.
             The game lasted 00:04:41 (2344 turns).

Peloso the Covered (Minotaur Fighter)               Turns: 2344, Time: 00:04:42

Health: 0/47       AC:  8    Str: 20    XL:     5   Next: 17%
Magic:  4/4        EV: 13    Int:  5    God:
Gold:   171        SH:  5    Dex: 12    Spells: 4/4 levels left

rFire   + . .      SeeInvis .   a - +0 long sword
rCold   . . .      Faith    .   c - +0 buckler
rNeg    . . .      Spirit   .   s - +0 scale mail
rPois   .          Reflect  .   (helmet restricted)
rElec   .          Harm     .   (no cloak)
rCorr   .          Rampage  .   (no gloves)
Will    .....                   n - +0 pair of boots
Stlth   ..........              (no amulet)
HPRegen 0.15/turn               f - ring of protection from fire
MPRegen 0.09/turn               k - +4 ring of evasion

@: slowed, very slow
A: horns 2, retaliatory headbutt
a: no special abilities


You were on level 6 of the Dungeon.
You visited 2 branches of the dungeon, and saw 6 of its levels.

You collected 171 gold pieces.

Inventory:

Hand Weapons
 a - a +0 long sword (weapon)
 b - a +1 hand axe of flaming
Armour
 c - a +0 buckler (worn)
 n - a +0 pair of boots (worn)
 q - a +0 cloak
 s - a +0 scale mail (worn)
Jewellery
 f - a ring of protection from fire (left hand)
 k - a +4 ring of evasion (right hand)
Wands
 j - a wand of flame (26)
Scrolls
 g - a scroll of amnesia {unknown}
 h - a scroll of noise {unknown}
 i - a scroll of identify {unknown}
 m - a scroll of immolation {unknown}
 o - a scroll of summoning {unknown}
 p - 2 scrolls of magic mapping {unknown}
 r - a scroll of torment {unknown}
Potions
 d - a potion of might


   Skills:
 + Level 4.4 Fighting
 + Level 4.1 Long Blades
 + Level 4.9 Armour
 + Level 1.2 Dodging
 + Level 0.3 Stealth
 + Level 4.1 Shields


You had 4 spell levels left.
You didn't know any spells.
Your spell library was empty.

Dungeon Overview and Level Annotations

Branches:
Dungeon (4/15)             Temple (1/1) D:4

Altars:
Ashenzari
Dithmenos
Elyvilon
Fedhas
Kikubaaqudgha
Makhleb
Nemelex Xobeh
Qazlal
Ru
Sif Muna
Trog
Uskayaw
Vehumet
Wu Jian
Xom
Yredelemnul
Zin
The Shining One

Annotations:
D:4 Grinder


Innate Abilities, Weirdness & Mutations

You have a pair of horns on your head.
You reflexively headbutt those who attack you in melee.


Message History

The ogre shouts!
Unknown command.
Okay, then.
You feel very sick.
The orc wizard hits you with a +0 dagger.
You block the orc wizard's attack.
The orc priest invokes the aid of Beogh against you.
Pain shoots through your body!
* * * LOW HITPOINT WARNING * * *
You feel sick.
Unknown command.
As you read the scroll of fear, it crumbles to dust.
You assume a fearsome visage.
The orc wizard looks frightened!
The orc priest looks frightened!
The ogre looks frightened!
The kobold brigand resists with some effort.
The kobold looks frightened! x2; You feel sick.
The orc wizard gestures wildly while chanting.
The orc wizard flickers and vanishes!
Deactivating autopickup; reactivate with Ctrl-A.
A scorpion comes into view.
You closely miss the orc.
You feel sick. The orc hits you but does no damage.
The kobold brigand barely misses you. You furiously retaliate!
You headbutt the kobold brigand!
The ogre shouts, "No!
I'll never do that again!"
The orc hits you with a +0 mace.
* * * LOW HITPOINT WARNING * * *
The ogre almost stumbles in trying to escape.
The kobold brigand closely misses you. You furiously retaliate!
You headbutt the kobold brigand.
Okay, then.
You barely miss the kobold brigand.
Your headbutt misses the kobold brigand.
The kobold brigand is heavily wounded.
You feel sick.
You are no longer poisoned.
The orc closely misses you.
The kobold brigand hits you but does no damage.
The orc barely misses you. You furiously retaliate!
You headbutt the orc.
The kobold brigand hits you with a +0 dagger.
You die...

.. #.. ....
.##..#. .
....... ..
...#..### ...
......o.## ....
#...#@.#.....
#...K.>.....#
####............
........#..$..##
.####...##....o#
......( ..s#..
....K##.........
.###. ..K..#..O.
. #.#....##.


You could see a kobold brigand, an ogre (fleeing), a scorpion, an orc priest
(fleeing), an orc and a kobold (fleeing).

Vanquished Creatures
  Crazy Yiuf (D:3)
  4 adders
  An adder skeleton (D:4)
  3 worms
  6 dart slugs
  2 orcs
  6 endoplasms
  2 giant cockroaches
  5 goblins
  4 hobgoblins
  5 quokkas
  9 ball pythons
  5 bats
  5 frilled lizards
  5 kobolds
  5 rats
68 creatures vanquished.

Notes
Turn   | Place    | Note
-------+----------+-------------------------------------------
     0 | D:1      | Peloso the Minotaur Fighter began the quest for the Orb.
     0 | D:1      | Reached XP level 1. HP: 19/19 MP: 0/0
   152 | D:1      | Reached XP level 2. HP: 18/27 MP: 1/1
   563 | D:2      | Reached XP level 3. HP: 33/33 MP: 2/2
   619 | D:2      | Found a faded altar of an unknown god.
  1275 | D:2      | Reached XP level 4. HP: 40/40 MP: 3/3
  1293 | D:2      | Found a shimmering altar of Xom.
  1820 | D:3      | Found a runed translucent door.
  1821 | D:3      | Noticed Crazy Yiuf
  1828 | D:3      | Killed Crazy Yiuf
  1923 | D:4      | Found a staircase to the Ecumenical Temple.
  1938 | Temple   | Entered the Ecumenical Temple
  2212 | D:4      | Reached XP level 5. HP: 47/47 MP: 4/4
  2258 | D:4      | Reached skill level 1 in Dodging
  2326 | D:4      | Noticed Grinder
  2337 | D:4      | You fall into a shaft and drop 2 floors!
  2339 | D:6      | Noticed an ogre
  2344 | D:6      | Slain by a kobold brigand

Illustrated notes

Levels and vault maps discovered:
D:1:      tarquinn_simple_flora_water_d, layout_rooms
D:2:      layout_basic, basic_altar, basic_ecumenical_altar,
          roderic_serpentine_path, minmay_misc_feat_doors,
          kennysheep_generic_room_4
D:3:      layout_rooms, hangedman_decor_growths, uniq_crazy_yiuf_cottage
D:4:      layout_rooms, minmay_temple_entry_purple_smoke, patterned_corridor,
          uniq_sigmund, uniq_grinder
D:6:      layout_rooms, biasface_ghost_orc_armoury, uniq_edmund
Temple:   hc_temple_tempest_star

Skill      XL: |  1  2  3  4  5 |
---------------+----------------+-----
Armour         | 4 |  4.9
Fighting       | 4 |  4.4
Shields        | 4 |  4.1
Long Blades    | 3 4 |  4.1
Dodging        | 1 |  1.2
Stealth        | |  0.3

Action                   |  1- 3 |  4- 6 || total
-------------------------+-------+-------++-------
Melee: Long sword        |    73 |    72 ||   145
       Headbutt          |    10 |     9 ||    19
  Use: Scroll            |       |     4 ||     4
Armor: Scale mail        |    40 |    26 ||    66
Dodge: Dodged            |    48 |    44 ||    92
Block: Buckler           |    19 |    17 ||    36
